 Dungeon Crawl Stone Soup version 0.23-a0-558-g30802b1d75 (webtiles) character file.

128055 Warius the Brawler (level 16, -8/161 HPs)
             Began as a Troll Berserker on Dec 11, 2018.
             Was a High Priest of Trog.
             Mangled by a merfolk
             ... wielding a +0 trident
              (13 damage)
             ... on level 2 of the Shoals.
             The game lasted 01:53:01 (28908 turns).

Warius the Brawler (Troll Berserker)               Turns: 28908, Time: 01:53:11

Health: -8/161     AC: 11    Str: 29    XL:     16   Next: 47%
Magic:  15/15      EV: 10    Int:  3    God:    Trog [*****.]
Gold:   1172       SH:  0    Dex: 14    Spells: 15/15 levels left

rFire    + . .     SeeInvis .     - Unarmed
rCold    + + .     Gourm    +   q - +0 large shield
rNeg     . . .     Faith    .   z - +3 steam dragon scales
rPois    .         Spirit   .   (helmet restricted)
rElec    .         Reflect  +   U - scarf {rC+ rF+}
rCorr    .         Harm     .   (gloves unavailable)
MR       +....                  (boots unavailable)
Stlth    +.........             T - brooch of Shielding {Reflect SH+8}
HPRegen  0.76/turn              F - ring of protection from cold
MPRegen  0.14/turn              o - +2 ring of evasion

@: lethally poisoned (-8 -> -121), held
A: large, unfitting armour, claws 3, fast metabolism 3, gourmand, regeneration
1, shaggy fur 1, tough skin 2
a: Berserk, Trog's Hand, Brothers in Arms, Renounce Religion


You were on level 2 of the Shoals.
You worshipped Trog.
Trog was extremely pleased with you.
You were full.

You visited 4 branches of the dungeon, and saw 25 of its levels.
You also visited: Ice Cave.

You collected 2972 gold pieces.
You spent 1800 gold pieces at shops.

Inventory:

Hand Weapons
 N - the +6 scimitar of the Coin {slice, Int+3 Dex+3 Stlth+}
   (You found it on level 4 of the Lair of Beasts)

   It inflicts extra damage upon your enemies.
   It affects your intelligence (+3).
   It affects your dexterity (+3).
   It makes you more stealthy.
Missiles
 a - 39 large rocks (quivered)
Armour
 l - a +1 cloak of magic resistance
 q - a +0 large shield (worn)
 z - +3 steam dragon scales (worn)
 G - +1 acid dragon scales
 M - a +2 troll leather armour {Snorg}
 S - +0 fire dragon scales
 U - a scarf of resistance (worn)
Jewellery
 g - an uncursed ring of positive energy
 o - a +2 ring of evasion (right claw)
 p - an uncursed ring of see invisible
 r - an uncursed ring of protection from fire
 w - an uncursed ring of ice {unknown}
 y - the ring of Wyxetec {*Drain rN++ MR+ Int-3 Dex+4}
   (You took it off an orc on level 8 of the Dungeon)

   [ring of protection from magic]

   It affects your intelligence (-3).
   It affects your dexterity (+4).
   It greatly protects you from negative energy.
   It affects your resistance to hostile enchantments.
   It causes draining when unequipped.
 F - a ring of protection from cold (left claw)
 T - the brooch of Shielding (around neck) {Reflect SH+8}
   (You bought it in a shop on level 2 of the Orcish Mines)

   [amulet of reflection]

   It shields you and reflects attacks.
   It affects your SH (+8).
Wands
 e - a wand of enslavement (9)
 B - a wand of flame (28)
 D - a wand of digging (12)
 I - a wand of acid (10)
 J - a wand of disintegration (14)
 R - a wand of scattershot (11)
Scrolls
 d - a scroll of identify
 f - 9 scrolls of teleportation
 h - 8 scrolls of magic mapping
 i - 7 scrolls of remove curse
 j - 9 scrolls of enchant weapon
 k - 3 scrolls of fog
 m - 2 scrolls of fear
 s - 4 scrolls of immolation
 C - 3 scrolls of brand weapon
 K - 3 scrolls of noise
 P - a scroll of summoning {unknown}
 Q - a scroll of blinking
Potions
 c - 2 potions of resistance
 n - 2 potions of brilliance
 u - 3 potions of might
 v - 2 potions of heal wounds
 x - 3 potions of magic
 A - 3 potions of invisibility
 E - 5 potions of flight
 H - 2 potions of agility
 L - a potion of cancellation
 O - a potion of ambrosia
Miscellaneous
 t - a sack of spiders
 X - a crystal ball of energy
Comestibles
 b - 41 rations


   Skills:
 + Level 10.8 Fighting
 + Level 11.8 Dodging
 - Level 15.0 Shields
 + Level 15.4 Unarmed Combat


You had 15 spell levels left.
You didn't know any spells.
Your spell library contained the following spells:

 Spells                   Type           Power        Failure   Level  Hunger
 Animate Skeleton         Necr           N/A          52%         1    ##.....
 Apportation              Tloc           #.....       52%         1    ##.....
 Beastly Appendage        Tmut           #.....       52%         1    ##.....
 Confusing Touch          Hex            #.....       52%         1    ##.....
 Corona                   Hex            #......      52%         1    ##.....
 Pain                     Necr           #...         52%         1    ##.....
 Sandblast                Erth           #.....       52%         1    ##.....
 Summon Butterflies       Summ           #.......     52%         1    ##.....
 Summon Small Mammal      Summ           #...         52%         1    ##.....
 Blink                    Tloc           N/A          67%         2    ###....
 Corpse Rot               Necr           N/A          67%         2    ###....
 Ensorcelled Hibernation  Hex/Ice        #.....       67%         2    ###....
 Passwall                 Tmut/Erth      #.......     67%         2    ###....
 Shroud of Golubria       Chrm/Tloc      #.........   67%         2    ###....
 Call Canine Familiar     Summ           #.......     88%         3    ####...
 Confuse                  Hex            #.......     88%         3    ####...
 Dazzling Spray           Conj/Hex       #.....       88%         3    ####...
 Gell's Gravitas          Tloc           #.........   88%         3    ####...
 Lesser Beckoning         Tloc           #.........   88%         3    ####...
 Regeneration             Chrm/Necr      #.........   88%         3    ####...
 Stone Arrow              Conj/Erth      #.....       88%         3    ####...
 Teleport Other           Tloc           #.......     88%         3    ####...
 Tukima's Dance           Hex            #.......     88%         3    ####...
 Vampiric Draining        Necr           #.........   88%         3    ####...
 Animate Dead             Necr           N/A          99%         4    #####..
 Ice Form                 Ice/Tmut       #.......     99%         4    #####..
 Passage of Golubria      Tloc           N/A          99%         4    #####..
 Petrify                  Tmut/Erth      #.......     99%         4    #####..
 Summon Ice Beast         Ice/Summ       #.......     99%         4    #####..
 Bolt of Draining         Conj/Necr      #.........   100%        5    ######.
 Borgnjor's Vile Clutch   Necr/Erth      #.........   100%        5    ######.
 Dispel Undead            Necr           #.......     100%        5    ######.
 Irradiate                Conj/Tmut      #.........   100%        5    ######.
 Lee's Rapid Deconstruct  Erth           #.........   100%        5    ######.
 Metabolic Englaciation   Hex/Ice        #.........   100%        5    ######.
 Summon Mana Viper        Hex/Summ       #.......     100%        5    ######.
 Bolt of Cold             Conj/Ice       #.........   100%        6    #######
 Freezing Cloud           Conj/Ice/Air   #.........   100%        6    #######
 Hydra Form               Tmut           #.........   100%        6    #######
 Ozocubu's Refrigeration  Ice            #.........   100%        6    #######
 Simulacrum               Ice/Necr       #.........   100%        6    #######
 Statue Form              Tmut/Erth      #........    100%        6    #######
 Dragon Form              Tmut           #.........   100%        7    #######
 Malign Gateway           Summ/Tloc      #.........   100%        7    #######
 Summon Hydra             Summ           #.........   100%        7    #######
 Shatter                  Erth           #.........   100%        9    #######


Dungeon Overview and Level Annotations

Branches:
Dungeon (15/15)            Temple (0/1) D:7            Lair (6/6) D:11
 Shoals (2/4) Lair:4        Snake (0/4) Lair:4        Slime (0/5) Lair:5
    Orc (2/2) D:9             Elf (0/3) Orc:2        Vaults (0/5) D:14
 Depths (0/5) D:15

Altars:
Cheibriados
Dithmenos
Elyvilon
Fedhas
Hepliaklqana
Nemelex Xobeh
Okawaru
Ru
Trog
Vehumet
Xom
Yredelemnul
Zin
The Shining One
Beogh
Jiyva

Shops:
D:4 !   D:10 !   D:15 *::   Orc:1 =   Orc:2 =**}   Shoals:2 [


Innate Abilities, Weirdness & Mutations

You are too large for most types of armour.
You have claws for hands.
Your metabolism is lightning-fast.
You like to eat raw meat.
Your natural rate of healing is unusually fast.
You are covered in fur. (AC +1)
You have very tough skin. (AC +2)


Message History

The merfolk hits you with a +0 trident!
* * * LOW HITPOINT WARNING * * *
The merfolk impaler hits you with a +7 trident of venom!
* * * LOW HITPOINT WARNING * * *
You are more poisoned.
The merfolk barely misses you.
You feel much better.
You feel extremely sick.
The merfolk impaler hits you with a +7 trident of venom!
* * * LOW HITPOINT WARNING * * *
You are more poisoned.
The merfolk hits you with a +0 trident!
* * * LOW HITPOINT WARNING * * *
The merfolk impaler hits you with a +7 trident of venom!
* * * LOW HITPOINT WARNING * * *
You are more poisoned.
The merfolk hits you from afar with a +0 spear!
* * * LOW HITPOINT WARNING * * *
The merfolk hits you from afar with a +0 trident!
You die...

...........≈≈.....≈≈≈≈≈≈.
.........≈≈......≈≈≈≈≈.
#+#......≈.≈...##.≈≈≈≈..
.#∩#......≈≈.....##.≈≈≈..
.###......≈≈≈≈......≈....
..........≈≈≈≈≈≈≈.≈≈≈....
.........m....≈≈≈≈≈≈≈≈..#
≈≈≈≈≈≈...m.≈...≈≈≈..≈
≈≈≈≈≈≈†.@m...........
≈≈≈≈≈≈≈≈..##..≈≈≈...
≈≈≈≈≈≈≈≈≈.m....≈≈≈≈
≈≈≈≈≈≈≈≈≈...≈...≈≈
≈≈≈≈≈≈≈....≈≈≈.≈≈≈
≈≈≈≈≈≈≈≈≈≈.≈≈≈≈≈≈
≈≈≈≈≈≈≈≈≈≈≈≈≈≈≈≈
≈≈≈≈≈≈≈≈≈≈≈≈≈≈≈≈


You could see a merfolk impaler and 3 merfolk.

Vanquished Creatures
  Kirke (Shoals:1)
  A fire giant (D:15)
  A fire dragon (Lair:6)
  The ghost of libidonplus the Nimble, a journeyman KoHu of Nemelex Xobeh (Lair:4)
  A merfolk impaler (Shoals:2)
  2 blizzard demons (IceCv)
  Snorg (Lair:5)
  A vault guard (D:14)
  7 hydras
  6 merfolk avatars
  2 merfolk aquamancers (Shoals:1)
  2 centaur warriors
  A death knight (D:14)
  3 two-headed ogres
  A death yak (Lair:2)
  7 orc high priests (Orc:2)
  A queen ant (Lair:2)
  3 tengu warriors
  Nergalle (Lair:3)
  4 skeletal warriors (D:15)
  4 sea snakes
  An unseen horror (D:15)
  A deep elf archer (D:14)
  A lindwurm (Lair:6)
  2 harpies (Shoals:1)
  An orc knight (Orc:2)
  A faun (Shoals:1)
  A wolf spider zombie (D:15)
  8 manticores
  10 cyclopes
  A deep elf mage (D:9)
  An orc sorcerer (Orc:1)
  22 ugly things
  Maurice (D:8)
  11 black mambas
  An ice statue (IceCv)
  5 elephants (Lair:5)
  2 gargoyles
  4 merfolk sirens
  3 molten gargoyles
  7 spiny frogs
  4 centaur skeletons
  15 komodo dragons
  4 ice devils (IceCv)
  3 rime drakes
  2 anaconda simulacra (IceCv)
  5 freezing wraiths
  4 golden dragon simulacra (IceCv)
  10 merfolk
  8 trolls
  2 wind drakes
  Prince Ribbit (D:6)
  A wolf spider simulacrum (IceCv)
  20 blink frogs
  3 slime creatures
  7 hornets
  12 hippogriffs
  A hippogriff (shapeshifter) (D:13)
  6 snapping turtles
  13 spriggans
  6 dream sheep
  A wraith (D:15)
  6 wyverns
  A redback (D:14)
  3 water elementals (Shoals:1)
  34 yaks
  A dire elephant simulacrum (IceCv)
  7 basilisks
  4 vampire mosquitoes
  2 steam dragons
  A death yak simulacrum (IceCv)
  3 harpy simulacra (IceCv)
  6 wargs (Orc:2)
  4 nagas (Lair:4)
  17 soldier ants (Lair:2)
  3 hydra simulacra (IceCv)
  14 water moccasins
  3 acid dragons
  2 iron troll simulacra (IceCv)
  Duvessa (D:5)
  4 hell hounds (Lair:6)
  19 orc warriors
  9 porcupines
  3 ice beasts
  2 phantoms
  An eye of draining (D:12)
  3 boggarts (Lair:3)
  2 black bears
  12 ogres
  10 crocodiles
  21 centaurs
  19 wolves
  A big kobold (D:9)
  Blork the orc (D:5)
  15 bullfrogs
  2 gnoll sergeants
  2 water moccasin zombies (D:6)
  A wyvern zombie (D:14)
  Dowan (D:5)
  3 scorpions
  3 elephant simulacra (IceCv)
  14 killer bees
  2 howler monkeys
  12 wights
  2 electric eels
  5 lava snakes (Lair:6)
  6 crimson imps
  3 bullfrog zombies
  4 draconian simulacra (IceCv)
  A quasit (D:5)
  6 centaur zombies
  6 hounds
  6 jellies
  38 orc priests
  4 bullfrog skeletons
  2 iguanas (D:4)
  7 hell rats (Lair:6)
  38 worker ants
  21 orc wizards
  3 spriggan simulacra (IceCv)
  5 troll simulacra (IceCv)
  3 centaur simulacra (IceCv)
  A hound zombie (D:10)
  A howler monkey zombie (D:10)
  2 worker ant zombies
  17 gnolls
  4 naga simulacra (IceCv)
  12 adders
  An ogre simulacrum (IceCv)
  4 shadow imps
  A white imp (IceCv)
  2 ufetubi (IceCv)
  2 oozes
  3 adder skeletons
  3 worms
  5 dart slugs
  2 leopard geckos
  93 orcs
  6 giant cockroaches
  4 hobgoblins
  16 jackals
  7 quokkas
  A ball python (D:4)
  7 bats
  8 frilled lizards
  8 goblins
  A jackal skeleton (D:5)
  13 kobolds
  A leopard gecko skeleton (D:7)
  A quokka skeleton (D:6)
  10 rats
  2 bushes (D:8)
  A fungus (Shoals:2)
  3 plants (Shoals:2)
939 creatures vanquished.

Vanquished Creatures (collateral kills)
  Nikola (Shoals:1)
  A hydra (D:14)
  5 death yaks (Lair:2)
  3 harpies (Shoals:1)
  A centaur skeleton (D:14)
  A troll (D:14)
  2 slime creatures (D:14)
  A snapping turtle (Shoals:1)
  An acid dragon (D:14)
  An eye of draining (D:14)
17 creatures vanquished.

Vanquished Creatures (others)
  A centaur warrior (D:15)
  A cyclops (Shoals:2)
  A faun (Shoals:1)
  A human (Shoals:1)
  5 centaurs (D:15)
  A killer bee (D:10)
  3 white imps (IceCv)
  4 ufetubi (IceCv)
  3 orcs (D:10)
  8 fungi
  10 plants
38 creatures vanquished.

Grand Total: 994 creatures vanquished

Notes
Turn   | Place    | Note
-------+----------+-------------------------------------------
     0 | D:1      | Warius the Troll Berserker began the quest for the Orb.
     0 | D:1      | Reached XP level 1. HP: 22/22 MP: 0/0
   213 | D:1      | Reached XP level 2. HP: 29/29 MP: 1/1
   807 | D:2      | Reached ** piety under Trog
   858 | D:2      | Reached XP level 3. HP: 22/36 MP: 2/2
   896 | D:2      | Found a hazy altar of Hepliaklqana.
  1030 | D:2      | Found a glowing golden altar of the Shining One.
  1122 | D:2      | Reached XP level 4. HP: 31/45 MP: 3/3
  1600 | D:3      | Found a shadowy altar of Dithmenos.
  1642 | D:3      | Reached *** piety under Trog
  2248 | D:3      | Reached XP level 5. HP: 53/53 MP: 4/4
  2575 | D:4      | Reached XP level 6. HP: 62/62 MP: 5/5
  2711 | D:4      | Reached skill level 5 in Unarmed Combat
  2753 | D:4      | Reached XP level 7. HP: 53/71 MP: 6/6
  2831 | D:4      | Reached **** piety under Trog
  3005 | D:4      | Found Dypod's Distillery.
  3010 | D:4      | Bought a potion of agility for 52 gold pieces
  3010 | D:4      | Bought a potion of might for 52 gold pieces
  3010 | D:4      | Bought a potion of heal wounds for 65 gold pieces
  3067 | D:4      | Found a sacrificial altar of Ru.
  3267 | D:5      | Entered Level 5 of the Dungeon
  3267 | D:5      | Noticed Duvessa
  3267 | D:5      | Noticed Dowan
  3273 | D:5      | Killed Dowan
  3280 | D:5      | Killed Duvessa
  3280 | D:5      | Reached skill level 5 in Fighting
  3280 | D:5      | Reached skill level 5 in Dodging
  3280 | D:5      | Reached XP level 8. HP: 80/80 MP: 7/7
  3344 | D:5      | Found an iron altar of Okawaru.
  3349 | D:5      | Found a sparkling altar of Nemelex Xobeh.
  3396 | D:5      | Noticed Blork the orc
  3404 | D:5      | Killed Blork the orc
  3582 | D:5      | Reached skill level 1 in Shields
  4124 | D:6      | Noticed Prince Ribbit
  4130 | D:6      | Killed Prince Ribbit
  4149 | D:6      | Reached XP level 9. HP: 68/89 MP: 8/8
  4523 | D:6      | Found a snail-covered altar of Cheibriados.
  4542 | D:6      | Received a gift from Trog
  5396 | D:7      | Found a radiant altar of Vehumet.
  5655 | D:7      | Found a white marble altar of Elyvilon.
  6012 | D:7      | Found a staircase to the Ecumenical Temple.
  6123 | D:8      | Noticed a purple ugly thing
  6144 | D:8      | Reached skill level 5 in Shields
  6198 | D:8      | Identified the ring of Wyxetec {*Drain rN++ MR+ Int-3
                  | Dex+4}
  6202 | D:8      | Reached ***** piety under Trog
  6219 | D:8      | Reached XP level 10. HP: 94/100 MP: 9/9
  6250 | D:8      | Killed a purple ugly thing
  6525 | D:8      | Identified the Collected Works on the Mountains
  6539 | D:8      | Noticed Maurice
  6645 | D:8      | Killed Maurice
  6809 | D:8      | Found a basalt altar of Yredelemnul.
  6847 | D:8      | Found a bloodstained altar of Trog.
  6915 | D:8      | Found a glowing silver altar of Zin.
  6955 | D:8      | Found a blossoming altar of Fedhas.
  7417 | D:8      | Found a shimmering altar of Xom.
  7702 | D:9      | Noticed a gargoyle
  7716 | D:9      | Killed a gargoyle
  8214 | D:9      | Found a staircase to the Orcish Mines.
  8289 | D:9      | Noticed a deep elf mage
  8302 | D:9      | Killed a deep elf mage
  8302 | D:9      | Reached skill level 10 in Unarmed Combat
  8302 | D:9      | Reached XP level 11. HP: 105/107 MP: 10/10
  8815 | D:10     | Entered Level 10 of the Dungeon
  9093 | D:10     | Noticed a centaur warrior
  9103 | D:10     | Killed a centaur warrior
  9795 | D:10     | Found Duryot's Distillery.
  9800 | D:10     | Bought a potion of heal wounds for 50 gold pieces
  9800 | D:10     | Bought a potion of flight for 30 gold pieces
  9800 | D:10     | Bought a potion of resistance for 100 gold pieces
  9869 | D:11     | Reached skill level 10 in Shields
 10448 | D:11     | Found a staircase to the Lair.
 10927 | D:12     | Received a gift from Trog
 11222 | D:12     | Reached XP level 12. HP: 115/115 MP: 11/11
 11487 | D:13     | Noticed a centaur warrior
 11515 | D:13     | Killed a centaur warrior
 12696 | D:14     | Noticed a two-headed ogre
 12717 | D:14     | Killed a two-headed ogre
 12950 | D:14     | Noticed a death knight
 12979 | D:14     | Killed a death knight
 12989 | D:14     | Noticed a tengu warrior
 12991 | D:14     | Noticed a tengu warrior
 13012 | D:14     | Killed a tengu warrior
 13017 | D:14     | Killed a tengu warrior
 13074 | D:14     | Noticed a seven-headed hydra
 13082 | D:14     | Noticed a vault guard
 13101 | D:14     | HP: 1/115 [nine-headed hydra (10)]
 13182 | D:14     | Received a gift from Trog
 13238 | D:14     | Reached XP level 13. HP: 122/122 MP: 12/12
 13699 | D:14     | Found a gate to the Vaults.
 13772 | D:15     | Entered Level 15 of the Dungeon
 13841 | Lair:1   | Entered Level 1 of the Lair of Beasts
 14597 | Lair:2   | Identified the Handbook of Calling and Moulding
 15358 | Lair:2   | Received a gift from Trog
 15875 | Lair:3   | Noticed Nergalle
 15892 | Lair:3   | Killed Nergalle
 18024 | Lair:4   | Found a gate leading to a gauntlet.
 18060 | Lair:4   | Reached XP level 14. HP: 125/131 MP: 10/13
 18286 | Lair:4   | Found a staircase to the Snake Pit.
 18704 | Lair:4   | Found a staircase to the Shoals.
 18710 | Lair:4   | Received a gift from Trog
 18717 | Lair:4   | Reached skill level 15 in Shields
 18930 | Lair:4   | Found a runed gate.
 18930 | Lair:4   | Found a runed gate.
 18930 | Lair:4   | Found a runed gate.
 18942 | Lair:4   | Noticed libidonplus's ghost (journeyman KoHu)
 19138 | Lair:4   | Got a transparent scimitar
 19245 | Lair:4   | Killed libidonplus's ghost
 19271 | Lair:4   | Identified the +6 scimitar of the Coin {slice, Int+3 Dex+3
                  | Stlth+} (You found it on level 4 of the Lair of Beasts)
 19525 | Lair:5   | Noticed Snorg
 19568 | Lair:5   | Killed Snorg
 19862 | Lair:5   | Found a viscous altar of Jiyva.
 19863 | Lair:5   | Found a staircase to the Slime Pits.
 20283 | Lair:6   | Entered Level 6 of the Lair of Beasts
 21761 | Lair:6   | Found a large runed door.
 21762 | Lair:6   | Found a large runed door.
 21828 | Lair:6   | Identified the Catalogue of Doomed Ice
 22377 | Orc:1    | Entered Level 1 of the Orcish Mines
 22632 | Orc:1    | Found Vakhliwe's Jewellery Shop.
 22654 | Orc:1    | Received a gift from Trog
 22684 | Orc:1    | Reached XP level 15. HP: 140/143 MP: 14/14
 22688 | Orc:1    | Paralysed by an orc sorcerer for 7 turns
 22913 | Orc:1    | Found a radiant altar of Vehumet.
 22972 | Orc:2    | Entered Level 2 of the Orcish Mines
 22972 | Orc:2    | Found a staircase to the Elven Halls.
 23282 | Orc:2    | Found Juovvebb's Gadget Shoppe.
 23293 | Orc:2    | Reached skill level 10 in Dodging
 23581 | Orc:2    | Found Raloma's General Store.
 23610 | Orc:2    | Received a gift from Trog
 23679 | Orc:2    | Found a roughly hewn altar of Beogh.
 23747 | Orc:2    | Found Viwuivecs's General Store.
 23747 | Orc:2    | Found Ejeshroh's Jewellery Shop.
 23761 | Orc:2    | Bought the brooch of Shielding {Reflect SH+8} for 1381 gold
                  | pieces
 23761 | Orc:2    | Found the brooch of Shielding {Reflect SH+8}
 23847 | Orc:2    | Found a bloodstained altar of Trog.
 25034 | D:15     | Found a staircase to the Depths.
 25034 | D:15     | Noticed a fire giant
 25072 | D:15     | Killed a fire giant
 25322 | D:15     | Found Eghiqugi's Book Emporium.
 25783 | D:15     | Found Sutaesk's General Store.
 25823 | D:15     | Bought a potion of heal wounds for 70 gold pieces
 25843 | D:15     | Found Axtucwir's Book Shop.
 26262 | Shoals:1 | Entered Level 1 of the Shoals
 26439 | Shoals:1 | Reached ****** piety under Trog
 26563 | Shoals:1 | Noticed Kirke
 26578 | Shoals:1 | Killed Kirke
 26634 | Shoals:1 | Reached skill level 10 in Fighting
 26654 | Shoals:1 | Found a runed door.
 26761 | Shoals:1 | Reached XP level 16. HP: 69/158 MP: 15/15
 27012 | Shoals:1 | Received a gift from Trog
 27053 | Shoals:1 | Reached skill level 15 in Unarmed Combat
 27453 | Shoals:1 | Noticed Nikola
 27469 | Shoals:1 | Killed Nikola
 27684 | Shoals:2 | Found a frozen archway.
 27712 | IceCv    | Entered an ice cave
 28327 | IceCv    | Received a gift from Trog
 28893 | Shoals:2 | Found Xiostiv's Armour Shoppe.
 28908 | Shoals:2 | HP: 5/161 [merfolk/+0 spear (10)]
 28908 | Shoals:2 | Mangled by a merfolk

Vault maps used:
D:1:      minmay_arrival_nine_rooms, serial_forest,
          infiniplex_forest_lined_room_, infiniplex_forest_clump_tiny,
          infiniplex_forest_lined_2, infiniplex_forest_clump_double,
          infiniplex_forest_clump_long, infiniplex_forest_clump_diagonal
D:2:      old_standard_altar, tso_altar, st_stairs_6, kennysheep_generic_room_14
D:3:      first_ration, grunt_dithmenos_smoke_and_mirrors
D:4:      minmay_polygon_palace, nicolae_ru_the_path_less_chosen, serial_shops,
          kennysheep_little_box
D:5:      minitemple, st_stairs_6, kennysheep_generic_room_6,
          uniq_blork_the_orc, uniq_duvessa
D:6:      old_standard_altar, hangedman_abyss_or_decor_stabs,
          uniq_prince_ribbit1
D:7:      elyvilon_altar_4, vehumet_altar_wand_db,
          minmay_temple_entry_glassed_door, the_bakery
D:8:      minmay_cut_squares, fedhas_bush_and_centaur_altar, marbit_many_paths,
          overflow_temple_1_default, zin_academy, lemuel_doored_altar,
          uniq_maurice
D:9:      orc_0_dummy, minmay_chambers_of_fives
D:10:     serial_shops, shop, minmay_crystal_water, kennysheep_generic_room_5
D:11:     lair_entry_dummy, kennysheep_generic_room_10
D:14:     david_vaults_5, serial_park_tiny_1, spider_trap
D:15:     grunt_enter_depths_giant_problem, serial_shops, shop,
          nicolae_shop_crystal, shop, serial_rivers,
          chequers_serial_rivers_micro_d, chequers_serial_rivers_large_a,
          chequers_serial_rivers_micro_d, chequers_serial_rivers_micro_d,
          chequers_serial_rivers_small_b, minmay_curled_crystal,
          chequers_decorated_corner
Lair:1:   grunt_megastairs_5
Lair:2:   zaba_anthell
Lair:3:   kb_forest_paths, uniq_nergalle
Lair:4:   minmay_shoals_entry_beasts, minmay_snake_entry_guardpost_small,
          gammafunk_ghost_hydra_chop, gauntlet_entry_generic
Lair:5:   dpeg_slime_entry_enclosed_altar, beast_lair_carwin_11, uniq_snorg
Lair:6:   cheibrodos_lair_end_hotspot, chequers_serial_rivers_marsh,
          minivault_26, serial_bayou_shore_b
Shoals:1: lightli_airlock, uniq_nikola, uniq_kirke
Shoals:2: serial_shops, nicolae_shop_window_shopping,
          portal_ice_cave_entry_pillars_three, st_cyclops
Orc:1:    basic_altar, serial_shops, nicolae_shop_temple_entry_statues_fountains
Orc:2:    st_orc_town, trog_book
IceCv:    ice_cave_caverns_02

Skill      XL: |  1  2  3  4  5  6  7  8  9 10 11 12 13 14 15 16 |
---------------+-------------------------------------------------+-----
Dodging        | 3 4 5 6 8 9 11 | 11.8
Fighting       | 3 4 5 6 8 10 | 10.8
Unarmed Combat | 4 5 6 7 8 10 11 12 13 14 15 | 15.4
Shields        | 2 5 8 10 12 14 15 | 15.0

Action                   |  1- 3 |  4- 6 |  7- 9 | 10-12 | 13-15 | 16-18 || total
-------------------------+-------+-------+-------+-------+-------+-------++-------
Melee: Unarmed           |   121 |   109 |   288 |   865 |  1917 |   317 ||  3617
       Punch             |       |     1 |     4 |       |       |       ||     5
Throw: Javelin           |       |       |    17 |     8 |       |       ||    25
       Large rock        |       |       |       |    11 |    48 |    13 ||    72
Invok: Berserk           |       |     1 |     2 |     6 |     8 |     3 ||    20
       Trog's Hand       |       |       |     3 |     7 |    21 |     4 ||    35
       Brothers in Arms  |       |       |       |     1 |     2 |     2 ||     5
Evoke: Wand              |       |       |       |    15 |    10 |       ||    25
  Use: Scroll            |       |       |    16 |     8 |     9 |     5 ||    38
       Potion            |       |       |       |     6 |    12 |     3 ||    21
 Stab: Sleeping          |       |     2 |       |       |     2 |     1 ||     5
  Eat: Chunk             |     9 |    18 |    31 |    70 |   121 |    18 ||   267
       Ration            |     1 |       |     1 |     1 |     6 |     2 ||    11
Armor: Animal skin       |    10 |       |       |       |       |       ||    10
       Robe              |    35 |    21 |    85 |       |       |       ||   141
       Steam dragon scal |       |       |       |   172 |   237 |    26 ||   435
Dodge: Dodged            |    74 |    47 |   113 |   178 |   526 |    90 ||  1028
Block: Shield            |       |       |    88 |       |       |       ||    88
       Large shield      |       |       |    50 |   661 |  1797 |   362 ||  2870
       Reflection        |       |       |       |       |    47 |     8 ||    55

Table legend:
 A = Non-vault XP
 B = Vault XP
 C = Vault XP percentage of total XP
 D = Non-vault monster count
 E = Vault monster count
 F = Vault count percentage of total count
                 A         B        C        D         E       F
            +---------+---------+-------+---------+---------+-------
      Total |  121189 |   61748 |  33.8 |     670 |     288 |  30.1
            +---------+---------+-------+---------+---------+-------
        D:1 |      23 |       0 |   0.0 |      15 |       0 |   0.0
        D:2 |      84 |       8 |   8.7 |      32 |       2 |   5.9
        D:3 |      82 |       0 |   0.0 |      18 |       0 |   0.0
        D:4 |     403 |     637 |  61.2 |      21 |      13 |  38.2
        D:5 |     517 |     339 |  39.6 |      14 |       5 |  26.3
        D:6 |     888 |     291 |  24.7 |      20 |       1 |   4.8
        D:7 |    1373 |     231 |  14.4 |      27 |       2 |   6.9
        D:8 |    1017 |    2399 |  70.2 |      15 |      13 |  46.4
        D:9 |    2498 |     700 |  21.9 |      33 |       4 |  10.8
       D:10 |    5238 |     183 |   3.4 |      38 |       3 |   7.3
       D:11 |    2324 |      13 |   0.6 |      23 |       1 |   4.2
       D:12 |    2730 |       0 |   0.0 |      29 |       0 |   0.0
       D:13 |    7193 |       0 |   0.0 |      36 |       0 |   0.0
       D:14 |   12100 |    3150 |  20.7 |      40 |       8 |  16.7
       D:15 |   20981 |    1673 |   7.4 |      54 |       1 |   1.8
     Lair:1 |    2017 |      90 |   4.3 |      10 |       1 |   9.1
     Lair:2 |    5577 |    4322 |  43.7 |      21 |      42 |  66.7
     Lair:3 |    5251 |    5748 |  52.3 |      24 |      22 |  47.8
     Lair:4 |    5851 |    3605 |  38.1 |      23 |       8 |  25.8
     Lair:5 |    9273 |    1568 |  14.5 |      28 |       4 |  12.5
     Lair:6 |   11294 |    6360 |  36.0 |      37 |      25 |  40.3
   Shoals:1 |   13310 |    8563 |  39.1 |      27 |      13 |  32.5
   Shoals:2 |    6900 |    4378 |  38.8 |      14 |       8 |  36.4
      Orc:1 |    2203 |       0 |   0.0 |      31 |       0 |   0.0
      Orc:2 |    2062 |    7901 |  79.3 |      40 |      59 |  59.6
      IceCv |       0 |    9589 | 100.0 |       0 |      53 | 100.0
            +---------+---------+-------+---------+---------+-------
